Cogmind - Beta 14 X2 @@@ ROGUE MODE // 2024.08.01 @ 23:47:05 Player: Olafz Result: Destroyed by 97-4XM(R) with Subdweller Laser Performance ------------- Evolutions (0) 0 Regions Visited (3) 600 Robots Destroyed (0) 0 Value Destroyed (0) 0 Prototype IDs (0) 0 Alien Tech Used (0) 0 Bonus (30) 30 TOTAL SCORE: 630 Bonus ------- Follower Combat Kills 30 Cogmind --------- Core Integrity 0/250 Matter 290/300 Energy 238/250 System Corruption 0% Temperature Cool (6) Movement Walking (140) Location -10/Subcaves Parts ------- > --- POWER (1) -------- Ion Engine > --- PROPULSION (2) --- Makeshift Leg Makeshift Leg > --- UTILITY (2) ------ Small Storage Unit Signal Interpreter > --- WEAPON (2) ------- Makeshift Hammer > --- INVENTORY (8) ---- Subdweller Power Source Makeshift Power Source Light Treads Light Treads Makeshift Light Armor Plating Peak State ------------ > --- POWER ------------ Ion Engine > --- PROPULSION ------- Carbon-fiber Leg Carbon-fiber Leg > --- UTILITY ---------- Small Storage Unit Makeshift Light Armor Plating > --- WEAPON ----------- Beamcaster Makeshift Hammer > --- INVENTORY -------- Subdweller Power Source Light Treads Light Treads Aluminum Leg Makeshift Leg Wheel Compact Wheel [Rating: 22] Favorites ----------- Power Ion Engine Engine Ion Engine Propulsion Aluminum Leg Treads Light Treads Leg Aluminum Leg Utility Small Storage Unit Storage Small Storage Unit Processor Signal Interpreter Protection Makeshift Light Armor Plating Weapon Beamcaster Energy Gun Beamcaster Energy Cannon Subdweller Beam Cannon Ballistic Gun Assault Rifle Impact Weapon Makeshift Hammer Build | -11 -10 -10 -10 ------- Run | Yrd Mat Min Sub Slots Evolved . | . . . . Power . | . . . . Propulsion . | . . . . Utility . | . . . . Weapon . | . . . . Parts Attached 12 | . . 3 9 Power 1 | . . 1 . Engine 1 | . . 1 . Core . | . . . . Reactor . | . . . . Propulsion 6 | . . 2 4 Treads 1 | . . 1 . Leg 5 | . . 1 4 Wheel . | . . . . Hover . | . . . . Flight . | . . . . Utility 2 | . . . 2 Device . | . . . . Storage . | . . . . Processor 1 | . . . 1 Hackware . | . . . . Protection 1 | . . . 1 Artifact . | . . . . Weapon 3 | . . . 3 Energy Gun 1 | . . . 1 Energy Cannon 1 | . . . 1 Ballistic Gun . | . . . . Ballistic Cannon . | . . . . Launcher . | . . . . Special Weapon . | . . . . Impact Weapon 1 | . . . 1 Slashing Weapon . | . . . . Piercing Weapon . | . . . . Special Melee Weapon . | . . . . Unidentified Prototypes . | . . . . Parts Lost 4 | . 1 . 3 Power . | . . . . Propulsion 3 | . 1 . 2 Utility . | . . . . Weapon 1 | . . . 1 Highest Loss Streak 2 | . 1 . 2 To Critical Strikes . | . . . . Average Slot Usage (%) 67 | . 53 55 83 Engine 14 | . 14 14 14 Leg 27 | . 25 26 28 Storage 14 | . 14 14 14 Processor 2 | . . . 4 Protection 3 | . . . 7 Energy Gun 3 | . . . 7 Impact Weapon 2 | . . . 6 Naked Turns . | . . . . Heaviest Build 22 | 12 8 10 22 Greatest Support 40 | 20 20 20 40 Greatest Overweight (x) . | . . . . Average Overweight (x) . | . . . . Largest Inventory Capacity 8 | 8 8 8 8 Average Capacity 8 | 8 8 8 8 Most Carried 8 | 6 8 8 8 Average Carried 7 | 6 7 7 6 Final Capacity 8 | 8 8 8 8 Final Carried 8 | 6 8 8 5 Class Distribution -------------------- 79% | Mutant 20% | Scavenger-Mutant Dominant Class ---------------- Mutant | -10/Materials Mutant | -10/Mines Mutant | -10/Subcaves Resources | -11 -10 -10 -10 ----------- Run | Yrd Mat Min Sub Matter Collected 310 | 200 . . 110 Remotely . | . . . . Salvage Created . | . . . . Parts . | . . . . Haulers Intercepted . | . . . . Recyclers Shooed . | . . . . Parts Field Recycled . | . . . . Retrieved Matter . | . . . . Parts Self-Destructed 6 | . . . 6 Prevented . | . . . . Kills | -11 -10 -10 -10 ------- Run | Yrd Mat Min Sub Combat Hostiles Destroyed . | . . . . Classes Destroyed . | . . . . Best Kill Streak . | . . . . Combat Bots Only . | . . . . Max Kills in Single Turn . | . . . . Gunslinging . | . . . . Exploded . | . . . . Melee . | . . . . Uniques/NPCs Destroyed . | . . . . Combat | -11 -10 -10 -10 -------- Run | Yrd Mat Min Sub Hostile Shots Fired 84 | . 44 . 40 Missed 29 | . 20 . 9 Damage Taken 931 | . 271 . 660 Core 251 | . 77 . 174 Absorbed by Shields . | . . . . Core Remaining (%) 100 | 100 . . . Volleys Fired 7 | . . . 7 Largest 1 | . . . 1 Hottest 80 | . . . 80 Shots Fired 7 | . . . 7 Gun 6 | . . . 6 Cannon 1 | . . . 1 Launcher . | . . . . Special . | . . . . Kinetic . | . . . . Thermal 7 | . . . 7 Explosive . | . . . . Electromagnetic . | . . . . Robot Hit Streak . | . . . . Robot Miss Streak . | . . . . Penetration Max . | . . . . Secondary Targets . | . . . . Shots Hit Robots . | . . . . Core Hits . | . . . . Critical Kills . | . . . . Critical Parts Destroyed . | . . . . Critical Strikes . | . . . . Melee Attacks 5 | . . . 5 Impact 5 | . . . 5 Slashing . | . . . . Piercing . | . . . . Sneak Attacks . | . . . . Combat Hostiles . | . . . . Follow-up Attacks . | . . . . Damage Inflicted . | . . . . Guns . | . . . . Cannons . | . . . . Explosions . | . . . . Melee . | . . . . Ramming . | . . . . Kinetic . | . . . . Thermal . | . . . . Explosive . | . . . . Electromagnetic . | . . . . Impact . | . . . . Slashing . | . . . . Piercing . | . . . . Highest Corruption . | . . . . Average Corruption . | . . . . Corruption Purged . | . . . . Corruption Blocked . | . . . . Overload Shots . | . . . . Overflow Damage . | . . . . Projectiles . | . . . . Explosions . | . . . . Melee . | . . . . Knockbacks . | . . . . Impact . | . . . . Kinetic . | . . . . Secondary . | . . . . Self-Inflicted Damage . | . . . . Shots . | . . . . Rammed . | . . . . Targets Rammed . | . . . . Kicked . | . . . . Crushed . | . . . . Highest Temperature 274 | . . . 274 Average Temperature 58 | . . . 58 Received Heat Transfer 648 | . 144 . 504 Siege Activations . | . . . . Robots Corrupted . | . . . . Combat Hostiles . | . . . . Parts Fried . | . . . . Impact Corruptions . | . . . . Robots Melted . | . . . . Combat Hostiles . | . . . . Parts Melted . | . . . . Heat Transferred . | . . . . Parts Sabotaged . | . . . . Parts Stolen . | . . . . Parts Stripped . | . . . . Power Chain Reactions . | . . . . Alert | -11 -10 -10 -10 ------- Run | Yrd Mat Min Sub Peak Influence 35 | . 35 9 . Initial 9 | . . 9 . Average 10 | . 16 9 . Maximum Alert Level . | . . . . Low Security (%) 100 | 100 100 100 . Level 1 . | . . . . Level 2 . | . . . . Level 3 . | . . . . Level 4 . | . . . . Level 5 . | . . . . High Security . | . . . . Max Security . | . . . . Squads Dispatched 1 | . 1 . . Investigation 1 | . 1 . . Extermination . | . . . . Reinforcement . | . . . . Assault . | . . . . Garrison . | . . . . Intercept . | . . . . Searches Triggered . | . . . . Construction Impeded . | . . . . Haulers Reinforced . | . . . . Active Scanning Responses . | . . . . Cargo Convoy Interrupts . | . . . . Stealth | -11 -10 -10 -10 --------- Run | Yrd Mat Min Sub Distress Signals . | . . . . Communications Jammed . | . . . . Distress Signals . | . . . . Times Spotted 7 | . 3 . 4 Peak Tracking Total 3 | . 3 . 2 Tactical Retreats . | . . . . Traps | -11 -10 -10 -10 ------- Run | Yrd Mat Min Sub Traps Triggered 1 | . 1 . . Indirectly . | . . . . Trap Hack Attempts . | . . . . Triggered . | . . . . Disarmed . | . . . . Reprogrammed . | . . . . Reused . | . . . . Traps Extracted . | . . . . Installed . | . . . . Triggered . | . . . . Most Traps Carried 3 | . . 3 3 Machines | -11 -10 -10 -10 ---------- Run | Yrd Mat Min Sub Machines Disabled . | . . . . Max in Single Turn . | . . . . Machines Repaired . | . . . . Machines Dismantled . | . . . . Machines Sabotaged . | . . . . Overloaded Fab Kills . | . . . . Hacking | -11 -10 -10 -10 --------- Run | Yrd Mat Min Sub Machines Accessed 1 | . 1 . . Terminals 1 | . 1 . . Fabricators . | . . . . Repair Stations . | . . . . Recycling Units . | . . . . Scanalyzers . | . . . . Garrison Access . | . . . . Total Hacks 1 | . 1 . . Successful 1 | . 1 . . Failed . | . . . . Catastrophic . | . . . . Database Lockouts . | . . . . Manual 1 | . 1 . . Terminals 1 | . 1 . . Fabricators . | . . . . Repair Stations . | . . . . Recycling Units . | . . . . Scanalyzers . | . . . . Garrison Access . | . . . . Terminal Hacks . | . . . . Fabricator Hacks . | . . . . Repair Station Hacks . | . . . . Recycling Unit Hacks . | . . . . Scanalyzer . | . . . . Garrison Access Hacks . | . . . . Unauthorized Hacks 1 | . 1 . . Terminals 1 | . 1 . . Botnet 1 | . 1 . . Fabricators . | . . . . Repair Stations . | . . . . Recycling Units . | . . . . Scanalyzers . | . . . . Garrison Access . | . . . . Data Cores Recovered . | . . . . Used . | . . . . Hacking Detections . | . . . . Full Trace Events . | . . . . Feedback Events . | . . . . Feedback Blocked . | . . . . Robot Schematics Acquired . | . . . . Robots Built . | . . . . Authchips . | . . . . Time . | . . . . Total Robot Build Rating . | . . . . Part Schematics Acquired . | . . . . Parts Built . | . . . . Authchips . | . . . . Time . | . . . . Total Part Build Rating . | . . . . Parts Repaired . | . . . . Time . | . . . . Parts Recycled . | . . . . Recycled Matter . | . . . . Retrieved Matter . | . . . . Retrieved Components . | . . . . Parts Scanalyzed . | . . . . Part Schematics Acquired . | . . . . Parts Damaged . | . . . . Bothacking | -11 -10 -10 -10 ------------ Run | Yrd Mat Min Sub Used RIF Installer . | . . . . Robots Hacked . | . . . . Non-combat . | . . . . Combat . | . . . . Robot Hacks Applied . | . . . . Relay Couplers Released . | . . . . Fabnet Peak Effective % . | . . . . Robots Rewired . | . . . . Allies Hacked . | . . . . Hacks Repelled . | . . . . Allies | -11 -10 -10 -10 -------- Run | Yrd Mat Min Sub Total Allies 2 | . . 2 . Largest Group 2 | . . 2 2 Highest-Rated Group 53 | . . 53 53 Highest-Rated Ally 31 | . . 31 31 Total Orders . | . . . . Ally Attacks 5 | . . . 5 Total Damage 93 | . . . 93 Kills 1 | . . . 1 Allies Corrupted . | . . . . Allies Melted . | . . . . Intel | -11 -10 -10 -10 ------- Run | Yrd Mat Min Sub Robot Analysis Total . | . . . . Derelict Logs Recovered 3 | . . 2 1 Drone Launches . | . . . . Drone Recoveries . | . . . . Exploration | -11 -10 -10 -10 ------------- Run | Yrd Mat Min Sub Turns Passed 915 | 5 135 361 414 Spaces Moved 477 | 5 108 68 296 Core . | . . . . Treads . | . . . . Legs 477 | 5 108 68 296 Wheels . | . . . . Hover . | . . . . Flight . | . . . . Fastest Speed 120 | 120 120 120 120 Average Speed 121 | 120 120 120 122 Slowest Speed 140 | 120 120 120 140 Overloaded Moves . | . . . . Propulsion Burnouts . | . . . . Robots Hopped . | . . . . Cave-ins Triggered . | . . . . Exploration Rate (%) 19 | 2 29 18 28 Regions Visited 3 Branch Regions 2 Pre-discovered Areas 1 | . . . 1 Known Exits Taken 1 | . . 1 . Unknown Exits Taken 2 | 1 1 . . Scrap Searched 5 | . . . 5 Spaces Dug . | . . . . Terrain Destroyed . | . . . . Melee . | . . . . Projectile . | . . . . AOE . | . . . . Terrain Rammed . | . . . . Walls Destroyed . | . . . . Machines Disabled . | . . . . Actions | -11 -10 -10 -10 --------- Run | Yrd Mat Min Sub Total 803 | 4 115 347 337 Wait 281 | . 4 272 5 Move 474 | 4 107 67 296 Hop . | . . . . Pick Up 10 | . 1 3 6 Fast Attach 4 | . . . 4 Attach 4 | . . 1 3 Detach 2 | . 2 . . Swap 4 | . . 2 2 Drop 12 | . 1 2 9 Fire 7 | . . . 7 Melee 5 | . . . 5 Ram . | . . . . Kick . | . . . . Crush . | . . . . Escape Stasis . | . . . . Rewire . | . . . . Trap . | . . . . Miscellaneous . | . . . . Route ------- -11/Scrapyard -10/Materials -10/Mines -10/Subcaves (discovered 1 exit: *Mat) History --------- Turn | Location | Event 1 | -11/Scrapyard | Discovered new exit (range 2) 6 | -11/Scrapyard | Entered Materials 123 | -10/Materials | Discovered new exit (range 15) 141 | -10/Materials | Entered Mines 158 | -10/Mines | Identified exit to Subcaves 169 | -10/Mines | Found a hidden stash of uninstalled traps 201 | -10/Mines | Learned 4 Materials zone layouts 311 | -10/Mines | Build established: Mutant 502 | -10/Mines | Entered Subcaves 502 | -10/Subcaves | Accompanied by 2 allies 507 | -10/Subcaves | Led the pair of lost Derelicts to an unsafe place 507 | -10/Subcaves | Learned location of Mines (-10) 529 | -10/Subcaves | Shifting Twisted Machinery released Battle Rifle 539 | -10/Subcaves | Shifting Twisted Machinery released Mak. Light Armor Plating 700 | -10/Subcaves | Shifting Twisted Machinery released Sub. Monowheel 704 | -10/Subcaves | Shifting Twisted Machinery released Flamer 760 | -10/Subcaves | Discovered new exit (range 15) 778 | -10/Subcaves | Identified exit to Materials 779 | -10/Subcaves | Ambushed by Subdwellers from Twisted Machinery 790 | -10/Subcaves | Core integrity fell below 50% 881 | -10/Subcaves | Core integrity fell below 20% 916 | -10/Subcaves | Destroyed by 97-4XM(R) with Subdweller Laser Last Messages --------------- FU-8SX(R): "ECOKILL!" BU-ALS(z) destroyed. Acquired Mak. Hammer. Acquired Mak. Leg. Critical hit (Meltdown: +300). Dropped Aluminum Leg. Acquired Mak. Power Source. Dropped Wheel. Dropped Com. Wheel. Acquired Signal Interpreter. Acquired 20 matter. EXIT=FOUND EXIT=IDENTIFIED: MATERIALS MW-EQD(R) emerges from the Twisted Machinery. Acquired 10 matter. Carbon-fiber Leg destroyed. Acquired 10 matter. A thin wall crumbles away, revealing a door. Beamcaster destroyed. Carbon-fiber Leg destroyed. Map ----- +----------------------------------------------------+ | ???# #??????????????????????????????????????? | | ???# #??????????????????????????????????????? | | ???### ##??????????????????????????????????????? | | ???## #???????????????????????????????????????? | | ???" ##??????????????????????????????????????? | | ???## ##?????????????????????????????????????? | | ????# #?????????????????????????????????????? | | ????### #?????????????????????????????????????? | | ??????### ##????????????????????????????????????? | | ???????# #????????????????????????????????????? | | ???????## ##????????????????????????????????????? | | ???????# #????????????????????????????????????? | | ???????## ##????????????????????????????????????? | | ???????# #????????????????????????????????????? | | ???????# #????????????????????????????????????? | | ???????## ##????????????????????????????????????? | | ?????##?# #????????????????????????????????????? | | ?????# ## ##????????????????????????????????????? | | ??#### #?????????????????????????????????????? | | ??# ##???????????????????##???????????????? | | ??## #???????????####### ????????????????? | | ???### ####???????## ??????????????????? | | ?????## ## ###?????? ???????????????????? | | ??????# #?????? ????????????????????? | | ?????## ## ##?????## #?????????????????????? | | ?????# ##?# #?????## @ #?????????????????????? | | ?##?## #??# ##????# "#?????????????????????? | | ?# #" ##?## #???## R"##### #??????????????? | | ?# #### #####" ""# #?????????????? | | ?# # " ##""" """""??????????????????? | | ?# #" """"R" #""###??????????????????? | | ?#####" "" #####????????????????????? | | ?????# ## ## #### ##????????????????????????? | | ?????## #######??##""#?????????????????????????? | | ??????# #?????????####?????????????????????????? | | ??????## ##??????????????????????????????????????? | | ???????###???????????????????????????????????????? | | ?????????????????????????????????????????????????? | | ?????????????????????????????????????????????????? | | ?????????????????????????????????????????????????? | | ?????????????????????????????????????????????????? | | ?????????????????????????????????????????????????? | | ?????????????????????????????????????????????????? | | ?????????????????????????????????????????????????? | | ?????????????????????????????????????????????????? | | ?????????????????????????????????????????????????? | | ?????????????????????????????????????????????????? | | ?????????????????????????????????????????????????? | | ?????????????????????????????????????????????????? | | ?????????????????????????????????????????????????? | +----------------------------------------------------+ Best States ------------- Heat Dissipation 25 Energy Generation 10 Energy Capacity 250 Matter Stores 300 Matter Capacity 300 Sight Range 16 Terrain Scan Density 10 Armor Coverage 100 Evasion (%) 55 Item Schematics ----------------- None Robot Schematics ------------------ None Fabricated ------------ Nothing Alien Tech Used ----------------- None Achievements -------------- None Challenges ------------ None Game ------ Seed CloakDeliveryScrapsphere Manual? 0 Play Time 00:12:47 Cumulative 160.0 hours Start 2024.08.01 @ 23:30:46 End 2024.08.01 @ 23:47:05 Sessions 1 Manual Loads 0 Difficulty Rogue Special Mode None Game No. 252 Rogue 250 Adventurer 2 Explorer 0 Win Type - Total 4 Types 3/0/0/1/0/0/0/0/0 Lore% 56 Gallery% 61 Achievement% 51 Wizard Run 0 Options --------- Layout 0 ASCII 0 Keyboard 1 Movement Numpad Keybinds 1 Fullscreen 2 Font 18/SmallcapsGlow Map View 76x50 Zoom Use 0% Tactical HUD 1 Map Filters NONE Filters NONE Steam 1 RUN: 90a6be10-01c3-4895-98d8-76d368709a78